 Dungeon Crawl Stone Soup version 0.17-a0-1910-g4c791fa (webtiles) character file.

77 derrpe the Conjurer (level 4, -2/24 HPs)
             Began as a Deep Elf Conjurer on Sept 25, 2015.
             Slain by an orc wizard
             ... wielding a +0 dagger
              (5 damage)
             ... on level 2 of the Dungeon.
             The game lasted 00:01:03 (1010 turns).

derrpe the Conjurer (Deep Elf Conjurer)             Turns: 1010, Time: 00:01:03

Health: -2/24      AC:  1    Str:  5    XL:     4   Next: 13%
Magic:  11/12      EV: 13    Int: 21    God:
Gold:   61         SH:  0    Dex: 15    Spells: 1 memorised, 10 levels left

rFire  . . .     SeeInvis .     i - +3 quarterstaff (chaos)
rCold  . . .     Clarity  .     k - +0 robe (curse)
rNeg   . . .     SustAt   .     (no shield)
rPois  .         Gourm    .     (no helmet)
rElec  .         Spirit   .     j - -2 cloak (curse)
rCorr  .         Warding  .     (no gloves)
rMut   .         Stasis   .     (no boots)
MR     .....                    (no amulet)
Stlth  ++........               (no ring)
                                (no ring)

@: not resistant to hostile enchantments, unstealthy
A: no striking features
a: no special abilities


You were on level 2 of the Dungeon.
You were not hungry.

You visited 1 branch of the dungeon, and saw 3 of its levels.

You collected 61 gold pieces.

Inventory:

Hand weapons
 i - a +3 quarterstaff of chaos (weapon)
Armour
 a - a +0 robe
 j - a cursed -2 cloak (worn)
 k - a cursed +0 robe (worn)
Magical devices
 g - a wand of random effects (29)
Scrolls
 e - a scroll of remove curse {unknown}
Potions
 d - a potion of flight {unknown}
 h - a potion of curing {unknown}
Books
 b - a book of Conjurations

   Spells                             Type                      Level
   a - Magic Dart                     Conjuration                  1
   b - Searing Ray                    Conjuration                  2
   c - Dazzling Spray                 Conjuration/Hexes            3
   d - Fulminant Prism                Conjuration/Hexes            4
   e - Iskenderun's Mystic Blast      Conjuration                  4
   f - Iskenderun's Battlesphere      Conjuration/Charms           5
Comestibles
 c - 2 bread rations {@e1}
 f - a beef jerky


   Skills:
 - Level 2.4 Dodging
 - Level 2.4 Stealth
 + Level 4.4 Spellcasting
 * Level 5.5 Conjurations


You had 10 spell levels left.
You knew the following spells:

 Your Spells              Type           Power        Failure   Level  Hunger
a - Magic Dart            Conj           ####         1%          1    None


Dungeon Overview and Level Annotations

Branches:
Dungeon (3/15)

Altars:


Message History

You hit the orc wizard.
The orc wizard is moderately wounded.
The orc wizard hits you with a dagger.
* * * LOW HITPOINT WARNING * * *
You miss the orc wizard.
The orc wizard is moderately wounded.
The orc wizard hits you with a dagger.
* * * LOW HITPOINT WARNING * * *
You hit the orc wizard.
The orc wizard seems to slow down.
The orc wizard is heavily wounded.
The orc wizard barely misses you.
Casting: Magic Dart
Confirm with . or Enter, or press ? or * to list all spells.
Aiming: Magic Dart
Press: ? - help, Shift-Dir - straight line, f - orc wizard
Aim: an orc wizard, wielding a dagger and wearing a robe (heavily wounded, slow)
The magic dart hits the orc wizard.
The orc wizard is severely wounded.
The orc wizard hits you with a dagger.
You die...

#.### #.# #...# #..
#.#.# #.# #.#.# #.#
##'#.# #.#
#...(#####.#
#....+.....#
#######....#.....#
#@o...............
###+#.####..........
#.....# ###........
#.....# #........
#.....# #...(....
#.....# ####'####
#.....# #.# #
###'#.#########.# #
###'#...........# #


You could see an orc wizard.

Vanquished Creatures
  Crazy Yiuf (D:2)
  2 adders (D:2)
  2 worms (D:2)
  A giant gecko (D:2)
  An orc (D:3)
  A ball python (D:2)
  A hobgoblin (D:1)
  4 jackals (D:1)
  2 kobolds (D:2)
  3 bats
  2 giant newts (D:2)
  A goblin (D:1)
  3 rats
24 creatures vanquished.

Vanquished Creatures (others)
  A hobgoblin (D:1)
1 creature vanquished.

Grand Total: 25 creatures vanquished

Notes
Turn   | Place    | Note
--------------------------------------------------------------
     0 | D:1      | derrpe the Deep Elf Conjurer began the quest for the Orb.
     0 | D:1      | Reached XP level 1. HP: 10/10 MP: 6/6
   106 | D:1      | You fall through a shaft!
   107 | D:2      | Reached XP level 2. HP: 15/15 MP: 3/8
   413 | D:2      | Noticed Crazy Yiuf
   418 | D:2      | Killed Crazy Yiuf
   418 | D:2      | Reached skill level 5 in Conjurations
   418 | D:2      | Reached XP level 3. HP: 19/19 MP: 3/10
   481 | D:2      | Reached XP level 4. HP: 24/24 MP: 1/12
  1010 | D:2      | Slain by an orc wizard

Vault maps used:
D:1:      lightli_arrival_chessboard, minmay_misc_feat_chi, lemuel_flame_loot_1
D:2:      first_bread, uniq_crazy_yiuf_cottage
D:3:      nicolae_overflow_hidden_temple

Action                   |  1- 3 |  4- 6 || total
-------------------------+-------+-------++-------
Melee: Quarterstaff      |       |     6 ||     6
 Cast: Magic Dart        |    40 |     8 ||    48
 Stab: Sleeping          |       |     1 ||     1
